AoeStats
← Nobunaga 2011

Baltic

511487342Analyzed
2v2 RM · 14d ago on Oct 5, 2026· 51m 11s· 4 players
Game mode
Random Map
Map size
Medium (4 player)
Population
200
Speed
Normal
Resources
Standard
Victory
Conquest
Starting age
Dark Age
Ending age
Imperial Age
RankedLock teamsTeams togetherTeam positionsShared explorationLock speedFull tech treeHidden civsTurbo modeCheats
Victory
Defeat
🇰🇷 Hindustanis · South Korea
656
+16
🇭🇷 Gurjaras · Croatia
619
+17
vs
🇪🇸 Hindustanis · Spain
709
-19
🇦🇺 Dravidians · Australia
579
-14
주인공
10:28 Loom
12:40 Feudal Age
13:02 Horse Collar
13:11 Double-Bit Axe
16:52 Gold Mining
18:45 Fletching
24:52 Castle Age
23:00 Stone Mining
25:54 Bow Saw
25:57 Heavy Plow
26:57 Medium Warships
26:44 Bodkin Arrow
33:43 Imperial Age
33:50 Padded Archer Armor
34:32 Grand Trunk Road
34:44 Caravan
36:50 Chemistry
36:03 Clinker Construction
36:05 Careening
35:59 Bracer
38:40 Two-Man Saw
39:08 Heavy Warships
40:34 Elite Cannon Galleon
41:01 Fishing Lines
41:09 Fishing Lines
41:54 Leather Archer Armor
42:41 Town Watch
43:32 Wheelbarrow
44:41 Carvel Hull
49:00 Conscription
49:19 Hoardings
48:45 Shatagni
50:22 Heavy Camel Rider
51:04 Husbandry
51:12 Husbandry
51:23 Bloodlines
knez17
2:30 Loom
10:46 Feudal Age
11:27 Double-Bit Axe
12:19 Town Watch
19:50 Castle Age
19:06 Horse Collar
20:12 Stone Mining
20:44 Bow Saw
21:41 Gold Mining
22:19 Caravan
24:14 Heavy Plow
24:24 Town Patrol
25:26 Fortified Wall
28:35 Scale Barding Armor
32:30 Imperial Age
31:35 Wheelbarrow
31:34 Husbandry
31:46 Bloodlines
32:32 Scale Mail Armor
32:59 Ballistics
34:23 Crop Rotation
34:16 Heavy Camel Rider
35:42 Hand Cart
37:10 Chemistry
36:07 Murder Holes
37:48 Gold Shaft Mining
37:49 Stone Shaft Mining
38:40 Chain Barding Armor
39:30 Forging
39:36 Chain Mail Armor
44:36 Frontier Guards
44:26 Kshatriyas
44:57 Hoardings
45:36 Elite Chakram Thrower
49:11 Elite Skirmisher
50:56 Plate Barding Armor
50:57 Iron Casting
50:53 Plate Mail Armor
Nobunaga 2011
13:19 Feudal Age
14:56 Wheelbarrow
14:11 Double-Bit Axe
14:19 Gold Mining
16:52 Stone Mining
17:01 Fishing Lines
17:55 Horse Collar
27:07 Castle Age
28:28 Hand Cart
28:26 Bow Saw
29:29 Gold Shaft Mining
28:59 Heavy Plow
29:06 Caravan
33:25 Imperial Age
34:17 Squires
35:10 Conscription
35:30 Grand Trunk Road
37:31 Elite Ghulam
39:35 Forging
39:26 Scale Mail Armor
39:32 Scale Barding Armor
40:58 Chemistry
41:45 Heavy Camel Rider
42:41 Bloodlines
44:08 Imperial Camel Rider
45:52 Town Watch
48:30 Husbandry
51:37 Iron Casting
51:18 Chain Mail Armor
51:23 Chain Barding Armor
fat sandwiches
2:34 Loom
14:57 Feudal Age
21:20 Castle Age
19:15 Double-Bit Axe
19:11 Horse Collar
21:13 Gold Mining
21:15 Stone Mining
21:24 Fletching
23:47 Medium Warships
25:40 Ballistics
26:41 Squires
26:27 Gambesons
26:27 Arson
26:35 Fletching
26:43 Murder Holes
28:51 Wheelbarrow
28:05 Town Watch
34:07 Husbandry
34:16 Siphons
36:59 Imperial Age
35:44 Bow Saw
35:57 Hand Cart
36:44 Bodkin Arrow
36:19 Pikeman
37:07 Town Patrol
37:30 Heavy Plow
38:31 Thumb Ring
40:12 Elite Elephant Archer
46:54 Chemistry
Connection lost

Rejoining the realm…

Still unreachable

The connection could not be restored.

Session expired

The server has moved on; the page needs a fresh start.